 Dungeon Crawl Stone Soup version 0.25.0-9-g26727b657a (webtiles) character file.

Game seed: 70955882997132162

55 Esekla the Ducker (level 3, 0/20 HPs)
             Began as a Deep Elf Warper on June 20, 2020.
             Slain by a scorpion (7 damage)
             ... on level 4 of the Dungeon.
             The game lasted 00:15:53 (2355 turns).

Esekla the Ducker (Deep Elf Warper)                 Turns: 2355, Time: 00:15:54

Health: 0/20       AC:  2    Str:  8    XL:     3   Next: 67%
Magic:  7/9        EV: 14    Int: 17    God:
Gold:   71         SH:  0    Dex: 15    Spells: 4/8 levels left

rFire    . . .     SeeInvis .   a - +1 falchion
rCold    . . .     Gourm    .   (no shield)
rNeg     . . .     Faith    .   p - +0 robe
rPois    .         Spirit   .   (no helmet)
rElec    .         Reflect  .   (no cloak)
rCorr    +         Harm     .   (no gloves)
MR       .....                  (no boots)
Stlth    +.........             g - amulet of magic regeneration
HPRegen  0.06/turn              u - ring of resist corrosion
MPRegen  0.36/turn              (no ring)

@: no status effects
A: no striking features
a: no special abilities


You were on level 4 of the Dungeon.
You were very hungry.

You visited 1 branch of the dungeon, and saw 4 of its levels.

You collected 71 gold pieces.

Inventory:

Hand Weapons
 a - a +1 falchion (weapon)
 h - a +0 short sword
Missiles
 e - 5 boomerangs of dispersal (quivered)
Armour
 p - a +0 robe (worn)
Jewellery
 g - an amulet of magic regeneration (around neck)
 u - a ring of resist corrosion (left hand)
Wands
 r - a wand of digging (6)
 t - a wand of paralysis (9)
Scrolls
 d - a scroll of blinking
 n - a scroll of fog {unknown}
 o - 3 scrolls of enchant weapon
 q - a scroll of fear {unknown}
 s - a scroll of remove curse {unknown}
Potions
 b - a potion of lignification {unknown}
 c - 2 potions of curing
 i - 3 potions of mutation {unknown}
 j - 2 potions of stabbing {unknown}
 k - 2 potions of magic {unknown}
 l - 2 potions of might {unknown}
 m - 2 potions of brilliance {unknown}
 v - a potion of flight {unknown}
Comestibles
 f - 3 rations


   Skills:
 - Level 1.5 Fighting
 * Level 2.8 Long Blades
 + Level 1.0 Throwing
 - Level 0.7 Armour
 * Level 3.6 Dodging
 - Level 3.0 Spellcasting
 + Level 1.0 Charms
 + Level 3.4 Translocations


You had 4 spell levels left.
You knew the following spells:

 Your Spells              Type           Power        Failure   Level  Hunger
a - Shroud of Golubria    Chrm/Tloc      ##....       11%         2    ##.....
b - Blink                 Tloc           N/A          6%          2    ##.....

Your spell library contained the following spells:

 Spells                   Type           Power        Failure   Level  Hunger
 Gell's Gravitas          Tloc           ##........   13%         3    ###....
 Lesser Beckoning         Tloc           ##........   13%         3    ###....
 Teleport Other           Tloc           ##......     13%         3    ###....
 Passage of Golubria      Tloc           N/A          38%         4    ####...


Dungeon Overview and Level Annotations

Branches:
Dungeon (4/15)
 Temple: D:4-7

Altars:

Annotations:
D:3 Sigmund


Message History

The scorpion is lightly wounded.
Your shroud bends the scorpion's attack away.
You closely miss the scorpion.
The scorpion is lightly wounded.
The scorpion closely misses you.
You riposte.
You barely miss the scorpion.
The scorpion is lightly wounded.
The scorpion stings you!
You are lethally poisoned!
The scorpion poisons you!
Your shroud falls apart!
Okay, then.
Casting: Shroud of Golubria (safe; 11% risk of failure)
Confirm with . or Enter, or press ? or * to list all spells.
Space distorts slightly along a thin shroud covering your body.
You feel sick. The scorpion stings you!
* * * LOW HITPOINT WARNING * * *
You are more poisoned.
The scorpion poisons you!
It was a potion of curing.
You feel better. The scorpion stings you!
You die...

#.#8.#.#(.+.'..#.#[
#.#..#.#..#.#..#.#.
#.##'#.##'#.##+#.##
#####.....รท............
#...#.##'#.##+#.##+#.##
#.###.#..#.#..#.#..#.#.
#.# #.#..'.'..#.#..'.'.
#.# #.####.####.####.##
#.# #.@................
#.# #s#################
#<# #....># #.# ####.?#
#.# .# #.# # #.#
#.######.h #.........


You could see a scorpion.

Vanquished Creatures
  An adder (D:4)
  An ooze (D:3)
  An adder skeleton (D:4)
  A worm (D:3)
  A dart slug (D:1)
  3 leopard geckos (D:3)
  An orc (D:4)
  2 ball pythons
  A giant cockroach (D:3)
  A goblin (D:3)
  3 jackals (D:3)
  2 bats (D:3)
  2 frilled lizards
  4 kobolds
  A leopard gecko skeleton (D:2)
  A quokka skeleton (D:4)
  5 rats
31 creatures vanquished.

Notes
Turn   | Place    | Note
-------+----------+-------------------------------------------
     0 | D:1      | Esekla the Deep Elf Warper began the quest for the Orb.
     0 | D:1      | Reached XP level 1. HP: 12/12 MP: 6/6
   737 | D:2      | Reached XP level 2. HP: 8/16 MP: 8/8
   902 | D:3      | Learned a level 2 spell: Shroud of Golubria
   905 | D:3      | Learned a level 2 spell: Blink
  1210 | D:4      | Noticed a howler monkey
  1364 | D:3      | Noticed Sigmund
  1734 | D:4      | Noticed an ogre
  1753 | D:4      | Noticed a scorpion
  1881 | D:3      | Reached XP level 3. HP: 20/20 MP: 7/9
  2131 | D:4      | Reached skill level 1 in Charms
  2354 | D:4      | HP: 1/20 [scorpion (8)]
  2355 | D:4      | Slain by a scorpion

Illustrated notes

Levels and vault maps discovered:
D:1:      psy_arrival_terrarium, layout_loops_cross
D:2:      lemuel_upstairs_altar, layout_loops_ring, led_sif_pool
D:3:      layout_basic, uniq_sigmund
D:4:      minmay_door_path, layout_loops_ring

Skill      XL: |  1  2  3 |
---------------+----------+-----
Long Blades    | 2 |  2.8
Dodging        | 3 |  3.6
Charms         | 1 |  1.0
Fighting       | |  1.5
Throwing       | |  1.0
Armour         | |  0.7
Spellcasting   | |  3.0
Translocations | |  3.4

Action                   || total
-------------------------++-------
Melee: Falchion          ||    97
 Cast: Shroud of Golubri ||    26
       Blink             ||     2
  Use: Scroll            ||     1
       Potion            ||     1
 Stab: Sleeping          ||     3
  Eat: Chunk             ||     5
Armor: Leather armour    ||     1
       Robe              ||    10
Dodge: Dodged            ||    66
       Rpst.: Falchion   ||    19
